Map: 2000 Atmospheres LE

Players

Cham

  • Race: Zerg Zerg

Kelazhur - Winner!

  • Race: Terran Terran

Event: DreamHack SC2 Masters 2021 Fall

VOD

Have the link to the VOD?

Description

Time

  • Played on: Aug. 1, 2021, 5:16 p.m.
  • Length: 26:46

All games in this series

Show
View Real Time Build Order
Export as new Build Order

Cham Zerg 

Build Orders: Hatch First 

Get SALT Encoding   

  12  0:00  Drone  
  13  0:08  Drone  
  14  0:21  Overlord  
  14  0:25  Extractor, Drone  
  15  0:39  Drone  
  16  0:48  Hatchery  
  15  0:52  Drone  
  15  0:55  Drone  
  17  0:59  Drone  
  18  1:12  Spawning Pool  
  18  1:15  Extractor  
  18  1:17  Drone  
  17  1:20  Drone  
  18  1:28  Drone  
  19  1:38  Drone  
  20  1:48  Drone  
  21  2:00  Queen x2  
  26  2:01  Zergling x4  
  27  2:14  Drone, Overlord  
  27  2:43  Spore Crawler, Queen x2  
  30  2:50  Metabolic Boost, Drone x4  
  34  2:51  Overlord  
  34  2:53  Drone  
  36  3:07  Hatchery  
  36  3:09  Drone x2  
  37  3:13  Drone x2  
  37  3:16  Drone x2  
  37  3:18  Drone  
  41  3:27  Overlord  
  41  3:29  Drone x2  
  41  3:31  Overlord  
  43  3:40  Overlord  
  43  3:54  Zergling x6  
  46  3:57  Queen x2  
  46  4:00  Drone x2  
  46  4:01  Drone, Overlord  
  46  4:02  Drone x2  
  55  4:05  Drone x2  
  57  4:17  Zergling x2, Drone  
  57  4:19  Queen  
  57  4:20  Drone  
  62  4:25  Overlord  
  62  4:27  Overlord  
  62  4:31  Roach Warren  
  61  4:32  Drone  
  61  4:33  Drone x3  
  61  4:35  Overlord  
  61  4:36  Drone  
  66  4:39  Zergling x2  
  66  4:41  Lair  
  66  4:44  Extractor  
  66  4:48  Drone x3  
  69  4:55  Drone x2  
  69  4:56  Drone  
  71  5:00  Spore Crawler  
  71  5:01  Spore Crawler x2  
  71  5:02  Spore Crawler, Drone  
  71  5:04  Spore Crawler  
  71  5:07  Drone, Overlord  
  67  5:10  Overlord  
  67  5:11  Drone x2  
  70  5:17  Extractor  
  70  5:18  Extractor, Roach x4  
  76  5:22  Roach  
  76  5:27  Drone x2, Roach  
  82  5:35  Roach x3  
  88  5:41  Drone x2  
  88  5:42  Drone x2  
  89  5:48  Overlord  
  89  5:51  Drone  
  90  5:59  Extractor x2, Drone x2  
  90  6:01  Drone x3  
  90  6:02  Overlord  
  91  6:05  Spire  
  91  6:07  Hatchery  
  91  6:08  Drone x3  
  91  6:09  Drone  
  91  6:10  Drone  
  91  6:13  Drone  
  92  6:23  Glial Reconstitution  
  92  6:27  Evolution Chamber  
  92  6:31  Drone x4  
  92  6:32  Drone x2  
  94  6:33  Drone  
  94  6:37  Drone  
  94  6:38  Overlord  
  97  6:44  Drone  
  97  6:45  Pneumatized Carapace  
  97  6:46  Overlord  
  98  6:48  Overlord  
  98  6:54  Overlord  
  93  7:10  Drone  
  93  7:11  Overlord  
  94  7:16  Corruptor x4  
  94  7:17  Corruptor x2  
  106  7:22  Corruptor  
  106  7:26  Overlord  
  106  7:27  Drone x9  
  106  7:29  Drone  
  116  7:32  Drone  
  116  7:35  Evolution Chamber x2  
  116  7:36  Zerg Flyer Weapons Level 1  
  115  7:40  Drone x3  
  115  7:42  Drone x3  
  121  7:50  Corruptor x2  
  125  7:54  Extractor  
  125  7:56  Extractor, Drone x2  
  125  7:57  Drone x2  
  127  8:04  Zerg Ground Armor Level 1, Zerg Missile Weapons Level 1  
  127  8:14  Corruptor x2  
  127  8:17  Hatchery, Roach x4  
  140  8:21  Corruptor  
  140  8:29  Corruptor x2  
  140  8:31  Overlord  
  140  8:33  Overlord  
  144  8:35  Drone x2  
  144  8:36  Roach  
  144  8:37  Roach x4  
  156  8:47  Zergling x6, Roach x3  
  165  8:48  Overlord x2  
  165  9:00  Drone  
  165  9:01  Drone x3, Overlord  
  165  9:02  Roach x2  
  175  9:03  Roach  
  175  9:07  Zergling x6  
  176  9:10  Extractor  
  176  9:13  Overlord  
  176  9:14  Extractor  
  176  9:16  Zergling x10  
  179  9:30  Zerg Flyer Armor Level 1  
  170  9:40  Roach  
  170  9:41  Roach x7  
  170  9:42  Zergling x8, Roach x3  
  170  9:44  Corruptor  
  191  9:48  Corruptor  
  191  9:49  Corruptor  
  191  9:51  Corruptor x2  
  195  10:03  Zerg Ground Armor Level 2, Zerg Missile Weapons Level 2  
  195  10:05  Drone  
  196  10:08  Baneling Nest, Drone x2  
  196  10:10  Spine Crawler  
  196  10:13  Spine Crawler  
  151  10:56  Roach x11  
  151  10:57  Roach x6  
  164  11:00  Roach x4  
  164  11:01  Zergling x2  
  164  11:03  Zergling x4, Roach x2  
  179  11:05  Roach x2  
  169  11:19  Drone x3  
  169  11:20  Drone x3  
  169  11:22  Drone  
  169  11:23  Drone x3  
  175  11:34  Overlord  
  175  11:37  Centrifical Hooks  
  175  11:38  Infestation Pit  
  174  11:40  Zergling x10  
  174  11:41  Zergling x6  
  182  11:50  Ravager  
  182  11:51  Ravager x5  
  188  11:54  Drone  
  188  11:55  Drone x2  
  188  11:57  Drone  
  192  12:07  Hatchery  
  191  12:20  Corruptor x2  
  191  12:21  Corruptor x3  
  198  12:34  Zerg Flyer Weapons Level 2, Hive  
  198  12:35  Zerg Melee Weapons Level 1  
  198  12:43  Drone  
  199  12:47  Spore Crawler  
  199  12:48  Spine Crawler  
  199  12:49  Spore Crawler, Drone x3, Spine Crawler  
  199  12:50  Drone  
  199  12:52  Baneling x2  
  199  12:53  Baneling x11  
  199  13:02  Spore Crawler  
  199  13:03  Spine Crawler  
  197  13:09  Infestor x2  
  188  13:22  Ravager  
  188  13:23  Ravager x2  
  188  13:25  Ravager x3  
  188  13:26  Ravager x3, Zergling x4  
  188  13:27  Zergling x2  
  200  13:46  Zerg Ground Armor Level 3  
  200  13:47  Adrenal Glands  
  176  13:57  Mutalisk  
  176  13:58  Mutalisk x19  
  195  14:28  Roach  
  195  14:29  Zergling x2, Roach  
  200  14:57  Roach  
  179  15:02  Roach x2  
  167  15:16  Roach x7  
  167  15:21  Zergling x2, Roach x5  
  183  15:22  Zergling x10  
  183  15:23  Baneling  
  183  15:24  Baneling  
  183  15:25  Ravager x5  
  198  15:33  Zergling x4  
  200  15:37  Overseer, Zerg Missile Weapons Level 3  
  200  15:40  Zerg Flyer Weapons Level 3  
  196  15:50  Zergling x2  
  196  15:51  Zergling x6  
  196  15:52  Spine Crawler  
  196  15:53  Spine Crawler  
  196  15:54  Zergling x4  
  196  15:56  Hatchery  
  199  15:57  Zergling x2  
  199  16:00  Zergling x2  
  199  16:02  Baneling x9  
  173  16:26  Roach x2  
  173  16:27  Zergling x6, Roach x3  
  173  16:28  Infestor, Corruptor x6  
  173  16:29  Zergling x2, Corruptor  
  197  16:37  Pathogen Glands  
  197  16:38  Burrow, Drone x2  
  199  16:51  Zergling x2, Unknown  
  199  16:53  Baneling x4  
  187  16:56  Hatchery  
  187  16:58  Roach x5  
  187  16:59  Roach x5  
  178  17:01  Zergling x2  
  178  17:02  Zergling x4, Roach x2  
  178  17:05  Ravager x4  
  178  17:08  Roach  
  185  17:12  Zergling x2, Roach x2  
  185  17:13  Zergling x2  
  185  17:14  Baneling x3  
  185  17:15  Baneling  
  191  17:16  Roach  
  191  17:20  Zergling x2, Roach x2  
  191  17:21  Ravager  
  191  17:22  Ravager x3  
  200  17:28  Zergling x2  
  189  17:32  Zergling x2  
  189  17:33  Neural Parasite  
  189  17:34  Zergling x4  
  189  17:36  Drone x2  
  189  17:37  Drone x5  
  195  17:39  Zergling x2, Spine Crawler  
  195  17:40  Zergling x2  
  195  17:41  Baneling x2, Spine Crawler  
  195  17:42  Baneling x6  
  195  17:43  Zergling x2  
  196  17:45  Zergling x8  
  181  17:58  Roach  
  181  17:59  Roach x7  
  181  18:02  Corruptor  
  171  18:06  Corruptor  
  171  18:08  Corruptor x4  
  180  18:13  Ravager x5  
  180  18:15  Roach x2  
  180  18:16  Roach x3  
  180  18:17  Baneling x3  
  194  18:21  Zergling x2, Roach x2  
  194  18:22  Baneling  
  194  18:23  Baneling x7  
  194  18:26  Zergling x4, Roach x2  
  189  18:28  Roach  
  189  18:29  Corruptor, Drone x4  
  189  18:36  Roach  
  189  18:37  Roach x3  
  198  18:44  Hatchery, Roach  
  198  18:47  Roach  
  197  18:53  Zergling x2  
  197  18:54  Zergling x6  
  197  18:55  Baneling x3  
  192  18:56  Zergling x2, Ravager x2  
  192  18:57  Ravager x4  
  182  19:13  Zergling x6  
  182  19:14  Zergling x8, Roach x3  
  182  19:15  Zergling x2  
  191  19:17  Roach  
  191  19:21  Corruptor x2  
  191  19:22  Roach  
  199  19:25  Roach  
  190  19:32  Corruptor x2  
  190  19:36  Ravager  
  190  19:37  Ravager x9  
  200  19:39  Baneling, Hatchery  
  200  19:40  Baneling x13  
  199  19:48  Zergling x2  
  200  19:53  Overseer  
  200  19:56  Baneling x2  
  200  20:04  Zergling x2  
  200  20:05  Zergling x2  
  192  20:24  Zergling x2  
  192  20:25  Zergling x14  
  168  20:29  Roach  
  161  20:36  Roach x2  
  161  20:38  Extractor  
  161  20:48  Roach  
  160  20:51  Roach x4  
  160  20:54  Corruptor  
  160  20:55  Corruptor x3  
  170  20:57  Roach  
  170  20:58  Roach  
  170  21:00  Roach x3  
  170  21:02  Corruptor  
  160  21:08  Drone x6  
  160  21:10  Corruptor  
  160  21:11  Corruptor x2  
  163  21:13  Drone x2  
  164  21:18  Zergling x2  
  159  21:27  Extractor, Drone x4  
  159  21:28  Extractor  
  159  21:32  Corruptor  
  158  21:35  Zergling x2  
  158  21:36  Zergling x4  
  159  21:40  Hatchery  
  159  21:43  Zergling x4  
  159  21:44  Zergling x2  
  159  21:45  Zergling x2  
  162  21:49  Corruptor  
  162  21:51  Zergling x2  
  153  22:02  Zergling x2  
  153  22:03  Zergling x14  
  153  22:07  Zergling x2  
  154  22:08  Hatchery  
  154  22:09  Hatchery  
  154  22:12  Baneling  
  154  22:13  Baneling x3  
  154  22:14  Baneling, Roach  
  154  22:18  Roach x2  
  154  22:19  Roach  
  160  22:27  Zergling x6  
  161  22:32  Corruptor  
  161  22:36  Zergling x6  
  166  22:45  Corruptor x2  
  166  22:51  Zergling x6  
  170  22:59  Roach x3  
  175  23:09  Corruptor x2  
  179  23:17  Extractor  
  178  23:20  Corruptor  
  178  23:21  Zergling x4  
  182  23:30  Corruptor  
  184  23:40  Zergling x4  
  186  23:45  Corruptor x2  
  190  23:52  Zergling x2  
  190  23:53  Zergling x10  
  196  23:55  Zergling x2  
  196  24:01  Corruptor  
  196  24:02  Zergling x4, Corruptor  
  199  24:06  Baneling x3  
  199  24:10  Baneling x3  
  199  24:14  Overlord  
  199  24:20  Extractor  
  193  24:28  Corruptor x2  
  193  24:30  Zergling x4  
  199  24:37  Baneling  
  199  24:38  Baneling  
  197  24:41  Zergling x4  
  197  24:44  Baneling x5  
  197  24:45  Baneling  
  199  24:46  Zergling x2  
  164  25:11  Drone x3  
  152  25:22  Zergling x2  
  152  25:23  Zergling x14  
  156  25:29  Roach  
  156  25:31  Drone x2  
  156  25:32  Drone  
  156  25:34  Zergling x2  
  156  25:35  Zergling x4  
  163  25:37  Roach  
  163  25:39  Roach  
  163  25:41  Baneling x2  
  163  25:42  Baneling  
  163  25:43  Roach  
  163  25:46  Roach x3  
  164  25:57  Roach x3  
  158  26:13  Hatchery  
  158  26:16  Corruptor x2  
  158  26:17  Zergling x2  
  158  26:18  Zergling x6  
Show
View Real Time Build Order
Export as new Build Order

Kelazhur Terran - Winner!

Build Orders: Hellion Opening, Reaper Expand, Mech 

Get SALT Encoding   

  12  0:00  SCV  
  13  0:12  SCV  
  14  0:17  Supply Depot  
  14  0:24  SCV  
  15  0:38  SCV  
  15  0:40  Barracks  
  16  0:42  Refinery  
  16  0:50  SCV  
  17  1:02  SCV  
  18  1:14  SCV  
  19  1:27  Reaper, Orbital Command  
  20  1:38  Command Center  
  20  1:47  Supply Depot  
  20  1:52  SCV  
  21  1:59  Marine  
  22  2:03  Factory  
  22  2:07  SCV  
  23  2:19  Barracks Reactor  
  23  2:20  SCV  
  24  2:22  Refinery  
  24  2:32  SCV  
  25  2:44  SCV  
  26  2:52  Orbital Command  
  26  2:56  SCV  
  27  3:00  Starport  
  27  3:05  Hellion x2  
  31  3:08  SCV  
  32  3:14  Barracks Tech Lab  
  32  3:20  SCV  
  32  3:22  SCV  
  32  3:26  Hellion x2  
  38  3:32  SCV  
  39  3:34  SCV  
  39  3:37  Fusion Core  
  40  3:45  SCV  
  41  3:50  SCV  
  41  3:53  Supply Depot, Hellion  
  46  3:55  Hellion  
  46  3:56  Supply Depot  
  46  4:06  SCV x2  
  51  4:19  SCV x2  
  51  4:22  Marine  
  55  4:26  Battlecruiser  
  57  4:32  SCV  
  57  4:33  SCV, Command Center  
  59  4:40  Hellion x2  
  59  4:45  SCV x2  
  64  4:48  Refinery  
  64  4:49  Refinery  
  64  4:52  Supply Depot  
  63  5:00  SCV x2  
  63  5:02  Hellion x2  
  69  5:12  SCV  
  69  5:14  SCV  
  71  5:16  Supply Depot  
  71  5:18  Supply Depot  
  71  5:20  Weapon Refit  
  71  5:24  SCV  
  71  5:26  SCV  
  73  5:36  SCV  
  73  5:38  Battlecruiser  
  73  5:40  SCV  
  73  5:41  Hellion x2  
  85  5:48  SCV, Orbital Command  
  86  5:52  SCV  
  86  6:00  Factory  
  86  6:01  Factory  
  86  6:04  SCV  
  85  6:06  SCV  
  85  6:10  Hellion  
  85  6:11  Barracks Tech Lab, Hellion  
  90  6:15  Engineering Bay  
  90  6:17  SCV  
  91  6:19  SCV  
  91  6:20  Armory  
  91  6:23  SCV  
  93  6:29  SCV  
  90  6:33  SCV  
  90  6:36  SCV  
  90  6:39  Refinery  
  90  6:40  Refinery  
  90  6:41  SCV  
  90  6:45  SCV  
  92  6:48  SCV  
  92  6:52  Hellion x2  
  92  6:53  SCV  
  98  6:57  SCV  
  98  7:00  SCV  
  100  7:05  SCV  
  100  7:08  Siege Tank x2  
  107  7:09  SCV  
  107  7:11  Missile Turret  
  107  7:12  SCV, Command Center  
  109  7:21  Supply Depot  
  109  7:25  Terran Vehicle Weapons Level 1  
  109  7:27  Starport Tech Lab  
  109  7:29  Factory  
  109  7:30  Factory  
  109  7:35  Missile Turret x2  
  109  7:40  Supply Depot  
  109  7:41  Supply Depot  
  109  7:42  SCV x3  
  116  7:45  Siege Tank  
  116  7:50  Siege Tank  
  118  7:54  SCV, Battlecruiser  
  125  7:59  Supply Depot  
  125  8:02  SCV, Hellion x2  
  130  8:06  Missile Turret  
  130  8:10  Missile Turret  
  130  8:14  Factory Reactor, Factory Tech Lab  
  130  8:17  Siege Tank  
  133  8:24  Hellion, Siege Tank  
  133  8:25  Hellion  
  140  8:28  SCV x3  
  140  8:31  Supply Depot  
  140  8:33  Supply Depot  
  143  8:37  Siege Tank  
  143  8:40  SCV x2  
  148  8:46  Infernal Pre-Igniter  
  148  8:48  Refinery  
  148  8:49  Siege Tank, Missile Turret  
  148  8:50  Refinery, SCV  
  148  8:53  Armory  
  152  8:56  Siege Tank  
  152  8:57  Supply Depot, Hellion x2  
  152  8:59  Sensor Tower  
  152  9:00  Hellion x2, Missile Turret  
  163  9:07  Planetary Fortress, Missile Turret  
  163  9:12  Sensor Tower  
  163  9:14  Missile Turret  
  163  9:16  Siege Tank  
  166  9:25  Hellion x3, Siege Tank  
  175  9:38  Terran Vehicle Weapons Level 2, Starport Tech Lab  
  171  9:42  Supply Depot  
  171  9:52  SCV x3  
  174  9:54  Command Center  
  174  9:57  Siege Tank  
  177  10:03  Factory  
  177  10:05  Siege Tank, Factory  
  177  10:06  Factory  
  180  10:07  Siege Tank  
  183  10:25  Battlecruiser  
  183  10:27  Terran Vehicle And Ship Armor Level 1  
  188  10:36  Missile Turret  
  188  10:37  Missile Turret  
  188  10:45  Siege Tank  
  185  10:51  Hellion  
  185  10:52  Hellion  
  185  10:53  Command Center  
  185  10:54  Siege Tank  
  185  10:56  Factory Tech Lab x2  
  178  10:57  Factory Reactor  
  178  11:01  SCV  
  178  11:03  SCV x2  
  175  11:13  SCV  
  175  11:15  SCV, Siege Tank x2  
  175  11:18  Siege Tank  
  168  11:19  Hellion  
  150  11:26  Siege Tank  
  151  11:36  Siege Tank  
  151  11:39  Planetary Fortress  
  154  11:41  Hellion  
  154  11:42  Hellion x2  
  154  11:43  Hellion  
  154  11:45  Hellion  
  164  11:53  Mag-Field Accelerator, Cyclone  
  164  11:54  Cyclone  
  170  11:56  Cyclone  
  170  11:59  Hellion  
  175  12:07  Hellion  
  177  12:10  Command Center  
  177  12:28  Cyclone x2  
  177  12:29  Cyclone x2  
  189  12:30  Cyclone  
  189  12:32  Hellion x4  
  200  12:41  Terran Vehicle Weapons Level 3, Terran Vehicle And Ship Armor Level 2  
  200  12:55  Command Center  
  200  13:02  Missile Turret  
  200  13:04  Missile Turret  
  200  13:08  Sensor Tower, Missile Turret  
  200  13:09  Refinery, Missile Turret  
  200  13:11  Refinery  
  196  13:21  SCV  
  196  13:22  Siege Tank  
  200  13:27  Orbital Command  
  200  13:29  Planetary Fortress  
  200  13:55  Siege Tank x3  
  195  13:56  Siege Tank  
  195  13:59  Hellion x2  
  200  14:20  Hellion  
  198  14:33  Orbital Command  
  198  14:36  Thor x2  
  198  14:37  Starport  
  198  14:38  Starport  
  195  14:40  Thor  
  195  14:42  Starport  
  195  14:43  Thor  
  188  14:46  Thor  
  188  14:51  Hellion x3  
  187  14:55  Missile Turret x2  
  187  14:56  Missile Turret x2  
  187  14:57  Missile Turret  
  181  15:09  Hellion x2  
  181  15:10  Terran Vehicle And Ship Armor Level 3  
  182  15:17  Hi-Sec Auto Tracking  
  182  15:21  Battlecruiser  
  178  15:22  Starport Tech Lab x2  
  178  15:23  Starport Tech Lab  
  178  15:30  Terran Ship Weapons Level 1  
  178  15:31  Command Center  
  178  15:34  Cyclone x2  
  184  15:37  Cyclone  
  187  15:44  Cyclone  
  187  15:49  Cyclone  
  186  16:01  SCV x2  
  186  16:02  Missile Turret  
  186  16:10  Hellion x2  
  186  16:11  Hellion x2  
  186  16:14  Neosteel Armor  
  186  16:15  Siege Tank x3  
  189  16:35  Hellion x3  
  195  16:45  SCV  
  196  16:49  Missile Turret  
  192  16:55  Hellion  
  192  16:59  Cyclone x2  
  189  17:01  Cyclone  
  180  17:12  Cyclone  
  176  17:16  SCV x3  
  176  17:20  SCV  
  176  17:26  SCV  
  176  17:29  SCV  
  177  17:32  SCV x2  
  177  17:33  Sensor Tower  
  167  18:02  Battlecruiser  
  167  18:04  Orbital Command  
  170  18:12  SCV  
  171  18:13  Command Center  
  169  18:36  Cyclone  
  169  18:37  SCV  
  169  18:38  SCV x3  
  169  18:39  Cyclone  
  181  18:41  Hellion  
  178  18:53  Missile Turret x2  
  178  18:54  Cyclone  
  178  18:55  Barracks Reactor  
  181  18:59  Cyclone  
  181  19:00  SCV  
  179  19:07  Hellion  
  171  19:14  Planetary Fortress  
  171  19:16  SCV x2  
  161  19:21  SCV, Siege Tank  
  164  19:29  SCV  
  165  19:32  SCV  
  165  19:34  SCV x2  
  165  19:38  Missile Turret  
  168  19:44  SCV  
  163  19:46  SCV  
  163  19:49  SCV  
  163  19:51  SCV  
  166  20:03  Hellion  
  166  20:04  Hellion x2  
  172  20:10  Cyclone  
  172  20:11  Cyclone x3  
  180  20:21  Battlecruiser  
  135  20:39  Hellion x3  
  139  20:43  Cyclone x2  
  139  20:49  Cyclone  
  145  20:50  Cyclone  
  121  21:25  Cyclone  
  121  21:26  Cyclone x3  
  121  21:27  Hellion  
  121  21:31  Orbital Command  
  124  21:34  Terran Ship Weapons Level 2  
  124  21:46  Orbital Command  
  110  21:59  Cyclone x3  
  109  22:08  SCV  
  110  22:12  SCV  
  111  22:24  SCV  
  111  22:27  Missile Turret  
  112  22:33  Battlecruiser  
  112  22:36  Battlecruiser  
  124  22:49  Battlecruiser  
  130  22:56  Hellion  
  130  22:57  Hellion x6  
  144  23:00  Hellion  
  144  23:05  SCV x2  
  146  23:07  SCV x3  
  149  23:17  SCV x2  
  149  23:19  SCV x3  
  154  23:20  Siege Tank x2  
  160  23:29  SCV  
  160  23:30  SCV  
  160  23:31  SCV  
  163  23:45  Battlecruiser  
  163  23:47  Siege Tank  
  166  23:56  Siege Tank  
  166  24:05  Hellion x4  
  174  24:13  Siege Tank  
  177  24:57  Orbital Command  
  174  25:04  Siege Tank x2  
  150  25:21  SCV  
  142  25:22  SCV  
  143  25:34  SCV  
  144  25:41  Hellion x3  
  150  25:43  SCV  
  150  25:44  SCV x2  
  150  25:49  SCV  
  144  26:20  SCV x3, Hellion  
  144  26:22  Command Center x2  
  144  26:24  Hellion x2  

Tags
 
Add a new tag
Caveats
  • Supply blocks, unpowered buildings, or Contaminate may cause inaccurate times.
  • Supply counts are checked every 10 seconds.